 Dungeon Crawl Stone Soup version 0.26.0-16-gc1dbca0489 (webtiles) character file.

Game seed: 3405916393572067914

135 kaeus the Sneak (level 5, -5/31 HPs)
             Began as an Octopode Fire Elementalist on Jan 22, 2021.
             Was an Initiate of Dithmenos.
             Slain by a gnoll
             ... wielding a +0 club
              (6 damage)
             ... on level 3 of the Dungeon.
             The game lasted 00:01:44 (3089 turns).

kaeus the Sneak (Octopode Fire Elementalist)        Turns: 3089, Time: 00:01:45

Health: -5/31      AC:  1    Str:  7    XL:     5   Next: 18%
Magic:  8/18       EV: 14    Int: 19    God:    Dithmenos [......]
Gold:   53         SH:  0    Dex: 12    Spells: 8/9 levels left

rFire    . . .     SeeInvis .   d - +0 dagger
rCold    . . .     Faith    .   (no shield)
rNeg     . . .     Spirit   .   (helmet restricted)
rPois    .         Reflect  .   (no amulet)
rElec    .         Harm     .   h - ring of magical power
rCorr    .         Rampage  .   (no ring)
Will     .....                  (no ring)
Stlth    +++.......             (no ring)
HPRegen  0.10/turn              (no ring)
MPRegen  0.16/turn              (no ring)
                                (no ring)
                                (no ring)

@: very slightly contaminated
A: almost no armour, stealthy swim, amphibious, 8 rings, constrict 8, camouflage
1, gelatinous body 1
a: Renounce Religion


You were on level 3 of the Dungeon.
You worshipped Dithmenos.
Dithmenos was noncommittal.
You visited 1 branch of the dungeon, and saw 3 of its levels.

You collected 53 gold pieces.

Inventory:

Hand Weapons
 d - a +0 dagger (weapon)
Jewellery
 h - a ring of magical power (left tentacle)
Scrolls
 a - a scroll of blinking {unknown}
 c - 6 scrolls of identify {unknown}
 e - 3 scrolls of remove curse {unknown}
 f - a scroll of amnesia {unknown}
 i - a scroll of enchant armour {unknown}
 j - a scroll of enchant weapon {unknown}
 k - 2 scrolls of random uselessness {unknown}
Potions
 b - 2 potions of curing
 g - a potion of haste {unknown}


   Skills:
 + Level 2.8 Dodging
 + Level 4.0 Stealth
 + Level 2.7 Spellcasting
 + Level 2.2 Conjurations
 + Level 3.7 Fire Magic


You had 8 spell levels left.
You knew the following spells:

 Your Spells              Type           Power        Failure   Level
a - Foxfire               Conj/Fire      52%          4%          1

Your spell library contained the following spells:

 Spells                   Type           Power        Failure   Level
 Conjure Flame            Conj/Fire      13%          14%         3
 Inner Flame              Hex/Fire       9%           22%         3
 Sticky Flame             Conj/Fire      13%          41%         4
 Fireball                 Conj/Fire      6%           77%         5


Dungeon Overview and Level Annotations

Branches:
Dungeon (3/15)

Altars:
Dithmenos
Uskayaw


Innate Abilities, Weirdness & Mutations

You cannot wear most types of armour.
You are very stealthy in the water. (Stealth+)
You are amphibious.
You can wear up to eight rings at the same time.
You can use your tentacles to constrict eight enemies at once.
Your skin changes colour to match your surroundings (Stealth+).
Your rubbery body absorbs attacks. (AC +1, EV +1)


Message History

The gnoll is almost dead.
The gnoll closely misses you. The gnoll hits you with a +0 flail.
You take 6 damage, and have 25/31 hp.
You hit the gnoll but do no damage. You grab the gnoll.
The gnoll is almost dead.
You constrict the gnoll. The gnoll hits you with a +0 club!
The gnoll barely misses you.
You take 11 damage, and have 14/31 hp.
MASSIVE DAMAGE!!
You hit the gnoll.
You kill the gnoll!
Dithmenos accepts your kill. The gnoll hits you with a +0 club!
* * * LOW HITPOINT WARNING * * *
You take 9 damage, and have 5/31 hp.
MASSIVE DAMAGE!!
The gnoll hits you with a +0 club.
* * * LOW HITPOINT WARNING * * *
Found a stone staircase leading up.
You take 4 damage, and have 1/31 hp.
You hit the gnoll but do no damage. You grab the gnoll.
You constrict the gnoll. The gnoll hits you with a +0 club.
You die...

....[...###
..........#
######.#.#
#.....<#.#
...######.####.#.#
.............#.#)#
..####.#.####.#.#
###+#####.#.#
#.#.#
<......@..#.#
#.#.#
###.####g.#.# #.#
#..).#.. ..#
#....### #.....
...)### .....#
......# ..#.....


You could see a gnoll.

Vanquished Creatures
  2 gnolls (D:3)
  7 adders (D:2)
  A white imp (D:2)
  An ooze (D:1)
  A worm (D:2)
  A dart slug (D:2)
  2 leopard geckos
  2 giant cockroaches (D:1)
  5 goblins
  4 hobgoblins
  A quokka (D:3)
  2 bats (D:1)
  3 frilled lizards
  4 kobolds
  4 rats
40 creatures vanquished.

Vanquished Creatures (collateral kills)
  A foxfire (D:1)
1 creature vanquished.

Vanquished Creatures (others)
  164 foxfires
164 creatures vanquished.

Grand Total: 205 creatures vanquished

Notes
Turn   | Place    | Note
-------+----------+-------------------------------------------
     0 | D:1      | kaeus the Octopode Fire Elementalist began the quest for
                  | the Orb.
     0 | D:1      | Reached XP level 1. HP: 11/11 MP: 3/3
   431 | D:1      | Reached XP level 2. HP: 17/17 MP: 0/5
   596 | D:1      | Reached skill level 3 in Stealth
  1570 | D:2      | Reached XP level 3. HP: 21/21 MP: 6/6
  1783 | D:2      | Found a shadowy altar of Dithmenos.
  1844 | D:2      | Became a worshipper of Dithmenos the Shadowed
  1848 | D:2      | Reached XP level 4. HP: 27/27 MP: 7/7
  2262 | D:2      | Noticed a +0 dagger
  2263 | D:2      | Noticed a +0 hand axe
  2266 | D:2      | Found a hide-covered altar of Uskayaw.
  3080 | D:3      | Reached skill level 4 in Stealth
  3080 | D:3      | Reached XP level 5. HP: 31/31 MP: 9/9
  3088 | D:3      | HP: 1/31 [gnoll/+0 club (4)]
  3089 | D:3      | Slain by a gnoll

Illustrated notes

Levels and vault maps discovered:
D:1:      minmay_arrival_glassed_features, layout_basic, serial_forest,
          infiniplex_forest_lined_corner, infiniplex_forest_lined_room_,
          infiniplex_forest_clump_curved, infiniplex_forest_end_3,
          infiniplex_forest_lined_room_, infiniplex_forest_end_2,
          infiniplex_forest_clump_double
D:2:      layout_basic, dancing_weapons_uskayaw, nicolae_dithmenos_shadow_blocks
D:3:      layout_basic

Skill      XL: |  1  2  3  4 |
---------------+-------------+-----
Stealth        | 3 4 |  4.0
Conjurations   | 2 |  2.2
Dodging        | |  2.8
Spellcasting   | |  2.7
Fire Magic     | |  3.7

Action                   |  1- 3 |  4- 6 || total
-------------------------+-------+-------++-------
Melee: Unarmed           |     3 |       ||     3
       Constrict         |     6 |     4 ||    10
       Tentacles         |     2 |     1 ||     3
       Dagger            |     9 |    22 ||    31
 Cast: Foxfire           |    69 |    52 ||   121
  Use: Potion            |       |     1 ||     1
Armor: Skin              |     1 |       ||     1
Dodge: Dodged            |     6 |    17 ||    23
